 Dungeon Crawl Stone Soup version 0.27-a0-1154-gfdeffcb720 (webtiles) character file.

Game seed: 11265580175497627851

366 Whiskey the Ducker (level 7, 50/50 HPs)
             Began as a Djinni Ice Elementalist on May 10, 2021.
             Quit the game on level 3 of the Dungeon on May 14, 2021.
             The game lasted 00:10:13 (3891 turns).

Whiskey the Ducker (Djinni Ice Elementalist)        Turns: 3891, Time: 00:10:14

Health: 50/50      AC:  4    Str:  9    XL:     7   Next: 0%
Gold:   169        EV: 13    Int: 17    God:
                   SH:  0    Dex: 13

rFire    + + .     SeeInvis .   e - +0 dagger
rCold    x . .     Faith    .   (no shield)
rNeg     . . .     Spirit   .   f - +2 robe {Will+}
rPois    ∞         Reflect  .   (no helmet)
rElec    .         Harm     .   (no cloak)
rCorr    .         Rampage  .   (no gloves)
Will     +....                  (boots unavailable)
Stlth    ++........             (no amulet)
HPRegen  0.16/turn              (no ring)
MPRegen  0.00/turn              (no ring)

@: flying
A: sickness immunity, fire resistance 2, cold vulnerability 1, float, innate
caster, hp casting, extra vitality 1
a: no special abilities


You were on level 3 of the Dungeon.
You visited 1 branch of the dungeon, and saw 3 of its levels.

You collected 169 gold pieces.

Inventory:

Hand Weapons
 e - a +0 dagger (weapon)
   (You took it off a goblin on level 2 of the Dungeon)
 m - a +0 quarterstaff
   (You found it on level 3 of the Dungeon)
Missiles
 n - a throwing net {=f, !d}
Armour
 f - a +2 robe of willpower (worn)
   (You took it off Jessica on level 2 of the Dungeon)
 l - a +0 kite shield
   (You found it on level 2 of the Dungeon)
Jewellery
 a - a +6 ring of intelligence
   (You found it on level 2 of the Dungeon)
Scrolls
 b - 3 scrolls of identify {unknown}
 c - a scroll of blinking {unknown}
 d - a scroll of enchant weapon {unknown}
 g - a scroll of fear {unknown}
 k - a scroll of amnesia {unknown}
Potions
 h - 2 potions of lignification {unknown}
 i - a potion of curing {unknown}
 j - a potion of heal wounds


   Skills:
 + Level 3.1 Fighting
 + Level 4.5 Dodging
 - Level 1.5 Stealth
 * Level 1.7 Shields
 + Level 4.3 Spellcasting


You couldn't memorise any spells.
You knew the following spells:

 Your Spells              Type           Power      Damage    Failure   Level
a - Freeze                Ice            72%        1d9       2%          1
b - Frozen Ramparts       Ice            36%        1d5       8%          3
c - Hailstorm             Conj/Ice       18%        3d6       26%         4
d - Metabolic Englaciati  Hex/Ice        9%         N/A       56%         5
e - Searing Ray           Conj           36%        3d4       3%          2
v - Corona                Hex            20%        N/A       2%          1
w - Passwall              Tmut/Erth      15%        N/A       3%          2
A - Ozocubu's Armour      Ice            18%        N/A       8%          3
Your spell library was empty.

Dungeon Overview and Level Annotations

Branches:
Dungeon (3/15)

Altars:


Innate Abilities, Weirdness & Mutations

You are immune to sickness and miasma.
You are immune to poison.
Your flesh is very heat resistant. (rF++)
You are vulnerable to cold. (rC-)
You float through the air rather than walking.
You learn spells naturally, not from books.
Your magical power is your life essence.
You have superior vitality. (+4 HP)


Message History

No target in view!
No target in view!
No target in view!
No target in view!
No target in view!
No target in view!
No target in view!
No target in view!
No target in view!
No target in view!
No target in view!
You see here an adder corpse.
You see here an adder corpse.
You see here a +0 club.
A worm comes into view.
Health restored: 46 The helpless worm fails to defend itself.
You hit the worm. The worm misses you.
You hit the worm but do no damage. The worm bites you!
You take 7 damage, and have 39/46 hp.
You completely miss the worm. You hit the worm. The worm barely misses you.
You hit the worm but do no damage. You barely miss the worm.
The worm closely misses you.
You barely miss the worm. The worm misses you.
You completely miss the worm. You hit the worm but do no damage.
The worm bites you but does no damage.
You hit the worm. You hit the worm. The worm misses you.
You hit the worm. The worm barely misses you.
You hit the worm. You hit the worm but do no damage.
The worm bites you but does no damage.
You hit the worm but do no damage. You barely miss the worm.
The worm bites you!
You take 11 damage, and have 30/46 hp.
MASSIVE DAMAGE!!
You hit the worm. The worm bites you but does no damage.
You hit the worm. You barely miss the worm. The worm bites you!
You take 8 damage, and have 22/46 hp.
You are too injured to fight recklessly!
You are too injured to fight recklessly!
You are too injured to fight recklessly!
You are too injured to fight recklessly!
You are too injured to fight recklessly!
You are too injured to fight recklessly!
You are too injured to fight recklessly!
You are too injured to fight recklessly!
You are too injured to fight recklessly!
You are too injured to fight recklessly!
You are too injured to fight recklessly!
You are too injured to fight recklessly!
You are too injured to fight recklessly!
You are too injured to fight recklessly!
You are too injured to fight recklessly!
You are too injured to fight recklessly!
You are too injured to fight recklessly!
You are too injured to fight recklessly!
The walls around you are covered in ice.
You hear an angry hiss.
You take 3 damage, and have 19/46 hp.
You are too injured to fight recklessly!
You are too injured to fight recklessly!
You are too injured to fight recklessly!
You hit the worm but do no damage.
The wall freezes the worm!
The worm completely misses you.
You hit the worm but do no damage.
The wall freezes the worm.
You kill the worm!
You start resting.
The frozen ramparts melt away.
You start resting.
Health restored: 46 You see here a worm corpse.
A rat comes into view.
A rat is nearby!
You hit the rat but do no damage. The rat barely misses you.
You closely miss the rat. The rat bites you but does no damage.
You hit the rat but do no damage. The rat barely misses you.
You hit the rat. The rat closely misses you.
You hit the rat.
You kill the rat!
No target in view!
No target in view!
No target in view!
No target in view!
No target in view!
No target in view!
No target in view!
No target in view!
You see here a rat corpse.
b - 3 scrolls labelled BYMOLA LIWAJE (gained 1)
An ice beast comes into view.
You need no library to learn spells.
Okay, then.
Options error: Bad object type '%}\|' for autopickup. (~/.crawlrc:772) Welcome back, Whiskey the Djinni Ice Elementalist.
You have reached level 7!
The power to cast Searing Ray wells up from within.
Spell assigned to 'e'.
You need no library to learn spells.
Okay, then.

#.# #..#.# #.#
#..#.# #.#
#..#.# #.#
#..#.# #.#
#..#.# #†#
#..#.# #.#
#..#.#
#.##########
#..#.######
#.......@..#
#..#.......
#.########.#
#.....##### #..
..######..#####
####
...............
.Y.............
###############


There were no monsters in sight!

Vanquished Creatures
  Sigmund (D:2)
  A bullfrog (D:3)
  Jessica (D:2)
  3 gnolls (D:3)
  6 adders
  A worm (D:3)
  2 dart slugs (D:2)
  3 endoplasms
  4 goblins
  A hobgoblin (D:2)
  2 quokkas (D:2)
  2 ball pythons
  7 bats
  2 frilled lizards
  4 kobolds
  4 rats
44 creatures vanquished.

Notes
Turn   | Place    | Note
-------+----------+-------------------------------------------
     0 | D:1      | Whiskey the Djinni Ice Elementalist began the quest for the
                  | Orb.
     0 | D:1      | Reached XP level 1. HP: 15/15 MP: 0/0
   765 | D:1      | Reached XP level 2. HP: 17/21 MP: 0/0
  1319 | D:2      | Noticed Jessica
  1343 | D:2      | Killed Jessica
  1344 | D:2      | Reached skill level 1 in Fighting
  1344 | D:2      | Reached skill level 3 in Dodging
  1344 | D:2      | Reached skill level 4 in Spellcasting
  1344 | D:2      | Reached XP level 3. HP: 20/27 MP: 0/0
  1344 | D:2      | Learned a level 1 spell: Corona
  1448 | D:2      | Noticed Sigmund
  1472 | D:2      | HP: 5/27 [something (15)]
  1473 | D:2      | HP: 1/27 [something (4)]
  1477 | D:2      | Killed Sigmund
  1478 | D:2      | Reached skill level 2 in Fighting
  1478 | D:2      | Reached skill level 4 in Dodging
  1478 | D:2      | Reached XP level 4. HP: 14/34 MP: 0/0
  1478 | D:2      | Reached XP level 5. HP: 16/39 MP: 0/0
  1478 | D:2      | Learned a level 2 spell: Passwall
  2305 | D:2      | Reached XP level 6. HP: 39/45 MP: 0/0
  2483 | D:2      | Found a faded altar of an unknown god.
  3066 | D:3      | Reached skill level 1 in Shields
  3235 | D:3      | Reached skill level 3 in Fighting
  3889 | D:3      | Noticed an ice beast
  3891 | D:3      | Upgraded the game from 0.27-a0-1140-g099f9bb0e8 to
                  | 0.27-a0-1154-gfdeffcb720
  3891 | D:3      | Reached XP level 7. HP: 50/50 MP: 0/0
  3891 | D:3      | Learned a level 2 spell: Searing Ray
  3891 | D:3      | Quit the game

Illustrated notes

Levels and vault maps discovered:
D:1:      minmay_arrival_semitransparent, layout_basic, minivault_24
D:2:      layout_basic, shapermc_ecumenical_altar_mp_vishouse,
          hangedman_decor_points, minmay_fractal_squares_gapless_5,
          uniq_jessica, uniq_sigmund
D:3:      layout_loops_ring, grunt_ministairs_6

Skill      XL: |  1  2  3  4  5  6 |
---------------+-------------------+-----
Fighting       | 1 2 3 |  3.1
Dodging        | 3 4 |  4.5
Spellcasting   | 4 |  4.3
Shields        | 1 |  1.7
Stealth        | |  1.5

Action                   |  1- 3 |  4- 6 |  7- 9 || total
-------------------------+-------+-------+-------++-------
Melee: Unarmed           |    16 |       |       ||    16
       Dagger            |     1 |   133 |       ||   134
 Cast: Freeze            |    16 |       |       ||    16
       Frozen Ramparts   |     2 |    11 |       ||    13
  Use: Potion            |     1 |       |       ||     1
 Stab: Sleeping          |       |     5 |       ||     5
Armor: Robe              |     4 |    24 |       ||    28
Dodge: Dodged            |    31 |    96 |       ||   127

Table legend: (Time is in decaauts)
 A = Elapsed time spent in this place.
 B = Non-inter-level travel time spent in this place.
 C = Inter-level travel time spent in this place.
 D = Time resting spent in this place.
 E = Time spent auto-exploring this place.
 F = Levels seen in this place.
 G = Mean time per level.
                   A        B        C        D        E       F      G
               +--------+--------+--------+--------+--------+-----+--------+
         Total |   3890 |   3861 |     29 |    494 |   2923 |   3 | 1296.7 |
       Dungeon |   3890 |   3861 |     29 |    494 |   2923 |   3 | 1296.7 |
               +--------+--------+--------+--------+--------+-----+--------+

Top non-repeatable levels by time:
     D:2: 1486 daAuts
     D:1: 1280 daAuts
     D:3: 1123 daAuts

Table legend:
 A = Kills in this place as a percentage of kills in entire the game.
 B = Kills by you in this place as a percentage of kills by you in the entire game.
 C = Kills by friends in this place as a percentage of kills by friends in the entire game.
 D = Other kills in this place as a percentage of other kills in the entire game.
 E = Experience gained in this place as a percentage of experience gained in the entire game.
 F = Experience gained in this place divided by the number of levels of this place that you have seen.
                   A       B       C       D       E      F
               +-------+-------+-------+-------+-------+----------------------
         Total | 100.0 | 100.0 |   N/A |   N/A | 100.0 | 174.3
       Dungeon | 100.0 | 100.0 |   N/A |   N/A | 100.0 | 174.3
               +-------+-------+-------+-------+-------+----------------------
